TOP OF THE 1ST |
Texas Christian Horned Frogs batting - Pitching for UCLA Bruins : LHP Bob Palmer
|
Pitching: LHP Bob Palmer
|
|
Batting: RHB Eric Adams
|
0-0: Ball 1-0: Ball 2-0: Ball 3-0: Called Strike 3-1: Foul Ball, location: 2F 3-2: Base on Balls
|
Batting: SHB Ron Winston
|
0-0: Ball 1-0: Ball 2-0: Foul Ball, location: 2F 2-1: Ball 3-1: Called Strike 3-2: Base on Balls Eric Adams to second
|
Batting: LHB Todd Gilliam
|
0-0: Ball 1-0: Foul Ball, location: 2F 1-1: Ball 2-1: Foul Ball, location: 2F 2-2: Foul Ball, location: 2F 2-2: Fielders Choice at 2nd, 4-6 (Groundball, 4) Eric Adams to third
|
Batting: LHB Winston Lewis
|
0-0: Ground out 4-3 (Groundball, 4S) Eric Adams scores Todd Gilliam to second
|
Batting: RHB Jeff Byford
|
0-0: Ball 1-0: Foul Ball, location: 2F 1-1: Foul Ball, location: 2F 1-2: Fly out, F7 (Flyball, 78S)
|
Top of the 1st over - 1 run(s), 0 hit(s), 0 error(s), 1 left on base; Texas Christian 1 - UCLA 0 |
BOTTOM OF THE 1ST |
UCLA Bruins batting - Pitching for Texas Christian Horned Frogs : LHP Carlos González
|
Pitching: LHP Carlos González
|
|
Batting: RHB Kent Bannatyne
|
0-0: Foul Ball, location: 2F 0-1: Ball 1-1: DOUBLE (Line Drive, 78D)
|
Batting: LHB Edward Norton
|
0-0: Called Strike 0-1: Ball 1-1: Foul Ball, location: 2F 1-2: Foul Ball, location: 2F 1-2: Ball 2-2: TRIPLE (Flyball, 78XD) Kent Bannatyne scores
|
Batting: RHB Phil Thomas
|
0-0: Ball 1-0: Foul Ball, location: 2F 1-1: Ball 2-1: Reached on error, E5 (Groundball, 56) Edward Norton scores
|
Batting: LHB Federico Medina
|
0-0: Ball 1-0: Fielders Choice at 2nd, 1-4 (Groundball, 15S)
|
Batting: RHB John Pineau
|
0-0: Ball 1-0: Reached on error, E5 (Groundball, 56) Federico Medina to second
|
Batting: LHB Lonnie Romero
|
0-0: Ball 1-0: Called Strike 1-1: Ball 2-1: Ball 3-1: Foul Ball, location: 2F 3-2: Strikes out looking
|
Batting: LHB Rob Phillips
|
0-0: Ball 1-0: Foul Ball, location: 2F 1-1: Swinging Strike 1-2: Ball 2-2: Strikes out swinging
|
Bottom of the 1st over - 2 run(s), 2 hit(s), 2 error(s), 2 left on base; Texas Christian 1 - UCLA 2 |
TOP OF THE 2ND |
Texas Christian Horned Frogs batting - Pitching for UCLA Bruins : LHP Bob Palmer
|
Batting: RHB Stan Webb
|
0-0: Ball 1-0: Called Strike 1-1: Foul Ball, location: 2F 1-2: Strikes out swinging
|
Batting: RHB Danny Wilson
|
0-0: Ball 1-0: Fly out, F7 (Flyball, 7)
|
Batting: RHB Parker Gonzáles
|
0-0: Called Strike 0-1: Ball 1-1: Swinging Strike 1-2: Ground out 5-3 (Groundball, 5S)
|
Top of the 2nd over - 0 run(s), 0 hit(s), 0 error(s), 0 left on base; Texas Christian 1 - UCLA 2 |
BOTTOM OF THE 2ND |
UCLA Bruins batting - Pitching for Texas Christian Horned Frogs : LHP Carlos González
|
Batting: RHB Kevin Cochrane
|
0-0: Ball 1-0: Called Strike 1-1: Swinging Strike 1-2: Foul Ball, location: 2F 1-2: Ball 2-2: Ball 3-2: Base on Balls
|
Batting: RHB Chad Walter
|
0-0: Grounds into double play, 6-4-3 (Groundball, 6)
|
Batting: RHB Kent Bannatyne
|
0-0: Ball 1-0: Ball 2-0: SINGLE (Flyball, 7LM)
|
Batting: LHB Edward Norton
|
0-0: Fly out, F2 (Popup, 23)
|
Bottom of the 2nd over - 0 run(s), 1 hit(s), 0 error(s), 1 left on base; Texas Christian 1 - UCLA 2 |
TOP OF THE 3RD |
Texas Christian Horned Frogs batting - Pitching for UCLA Bruins : LHP Bob Palmer
|
Batting: SHB Pete Fields
|
0-0: SINGLE (Groundball, 6MD)
|
Batting: RHB Eric Adams
|
0-0: Ball 1-0: Swinging Strike 1-1: Foul Ball, location: 2F 1-2: SINGLE (Groundball, 56D) Pete Fields to second
|
Batting: SHB Ron Winston
|
0-0: Ball 1-0: Called Strike 1-1: Called Strike 1-2: Foul Ball, location: 2F 1-2: Ball 2-2: DOUBLE (Line Drive, 7LM) Pete Fields scores Eric Adams to third
|
Batting: LHB Todd Gilliam
|
0-0: Called Strike 0-1: Called Strike 0-2: Ball 1-2: Ball 2-2: Ball 3-2: Foul Ball, location: 2F 3-2: Base on Balls
|
Batting: LHB Winston Lewis
|
0-0: Called Strike 0-1: Ball 1-1: Foul Ball, location: 2F 1-2: Foul Ball, location: 2F 1-2: Single, Error in OF, E9, batter to second base Eric Adams scores Ron Winston scores Todd Gilliam to third
|
Batting: RHB Jeff Byford
|
0-0: Ball 1-0: Ball 2-0: Called Strike 2-1: Foul Ball, location: 2F 2-2: Strikes out swinging
|
Batting: RHB Stan Webb
|
0-0: Foul Ball, location: 2F 0-1: SINGLE (Flyball, 78M) Todd Gilliam scores Winston Lewis to third Runner from 3rd tries for Home, SAFE, no throw
|
Pitching: LHP Bryan Vaughan
|
|
Batting: RHB Danny Wilson
|
0-0: Foul Ball, location: 2F 0-1: Foul Ball, location: 2F 0-2: Foul Ball, location: 2F 0-2: Ball 1-2: Grounds into double play, 4-6-3 (Groundball, 4)
|
Top of the 3rd over - 5 run(s), 5 hit(s), 1 error(s), 0 left on base; Texas Christian 6 - UCLA 2 |
BOTTOM OF THE 3RD |
UCLA Bruins batting - Pitching for Texas Christian Horned Frogs : LHP Carlos González
|
Batting: RHB Phil Thomas
|
0-0: Foul Ball, location: 2F 0-1: Called Strike 0-2: Ball 1-2: Ball 2-2: Ball 3-2: Strikes out looking
|
Batting: LHB Federico Medina
|
0-0: Ball 1-0: Foul Ball, location: 2F 1-1: Foul Ball, location: 2F 1-2: Foul Ball, location: 2F 1-2: Strikes out swinging
|
Batting: RHB John Pineau
|
0-0: Ball 1-0: Foul Ball, location: 2F 1-1: Swinging Strike 1-2: Strikes out swinging
|
Bottom of the 3rd over - 0 run(s), 0 hit(s), 0 error(s), 0 left on base; Texas Christian 6 - UCLA 2 |
TOP OF THE 4TH |
Texas Christian Horned Frogs batting - Pitching for UCLA Bruins : LHP Bryan Vaughan
|
Batting: RHB Parker Gonzáles
|
0-0: Called Strike 0-1: Ball 1-1: Ball 2-1: Ball 3-1: Base on Balls
|
Batting: SHB Pete Fields
|
0-0: SINGLE (Groundball, 34S) (infield hit) Parker Gonzáles to second
|
Batting: RHB Eric Adams
|
0-0: Ball 1-0: DOUBLE (Line Drive, 7) Parker Gonzáles scores Pete Fields to third Runner from 3rd tries for Home, SAFE, no throw
|
Batting: SHB Ron Winston
|
0-0: Foul Ball, location: 2F 0-1: Ground out 5-3 (Groundball, 5)
|
Batting: LHB Todd Gilliam
|
0-0: Ball 1-0: Ball 2-0: Called Strike 2-1: Swinging Strike 2-2: SINGLE (Groundball, 34S) (infield hit) Eric Adams to third
|
Batting: LHB Winston Lewis
|
0-0: Ball 1-0: Ball 2-0: Foul Ball, location: 2F 2-1: Ball 3-1: Fly out, F7 (Flyball, 78M) Runner from 3rd tags up, SCORES, no throw
|
Pitching: RHP Joe Byrd
|
|
Batting: RHB Jeff Byford
|
0-0: Ball 1-0: Ball 2-0: Foul Ball, location: 2F 2-1: Foul Ball, location: 2F 2-2: Strikes out swinging
|
Top of the 4th over - 3 run(s), 3 hit(s), 0 error(s), 1 left on base; Texas Christian 9 - UCLA 2 |
BOTTOM OF THE 4TH |
UCLA Bruins batting - Pitching for Texas Christian Horned Frogs : LHP Carlos González
|
Batting: LHB Lonnie Romero
|
0-0: Called Strike 0-1: Ball 1-1: Fly out, F9 (Flyball, 9S)
|
Batting: LHB Rob Phillips
|
0-0: Ball 1-0: Ball 2-0: Ground out 4-3 (Groundball, 4)
|
Batting: RHB Kevin Cochrane
|
0-0: Ball 1-0: Foul Ball, location: 2F 1-1: Fly out, F8 (Flyball, 8RS)
|
Bottom of the 4th over - 0 run(s), 0 hit(s), 0 error(s), 0 left on base; Texas Christian 9 - UCLA 2 |
TOP OF THE 5TH |
Texas Christian Horned Frogs batting - Pitching for UCLA Bruins : RHP Joe Byrd
|
Batting: RHB Stan Webb
|
0-0: Ball 1-0: Ball 2-0: Ball 3-0: Base on Balls
|
Batting: RHB Danny Wilson
|
0-0: Ball 1-0: Ball 2-0: Called Strike 2-1: Called Strike 2-2: Grounds into double play, 4-6-3 (Groundball, 4)
|
Batting: RHB Parker Gonzáles
|
0-0: Foul Ball, location: 2F 0-1: Called Strike 0-2: Ball 1-2: Strikes out looking and he ARGUES THE CALL AND IS TOSSED!
|
Top of the 5th over - 0 run(s), 0 hit(s), 0 error(s), 0 left on base; Texas Christian 9 - UCLA 2 |
BOTTOM OF THE 5TH |
UCLA Bruins batting - Pitching for Texas Christian Horned Frogs : LHP Carlos González
|
Now at 3B: Nicholas Morgan
|
|
Batting: RHB Chad Walter
|
0-0: Swinging Strike 0-1: Ball 1-1: Called Strike 1-2: Ball 2-2: Foul Ball, location: 2F 2-2: Foul Ball, location: 2F 2-2: Foul Ball, location: 2F 2-2: Foul Ball, location: 2F 2-2: SINGLE (Groundball, 56D)
|
Batting: RHB Kent Bannatyne
|
0-0: Ball 1-0: SINGLE (Groundball, 56D) Chad Walter to second
|
Batting: LHB Edward Norton
|
0-0: Ball 1-0: Ball 2-0: Called Strike 2-1: Ball 3-1: Base on Balls Chad Walter to third Kent Bannatyne to second
|
Pitching: RHP Broderick Bower
|
|
Batting: RHB Phil Thomas
|
0-0: Ball 1-0: Ball 2-0: Foul Ball, location: 2F 2-1: Ball 3-1: Base on Balls Chad Walter scores Kent Bannatyne to third Edward Norton to second
|
Batting: LHB Federico Medina
|
0-0: Fielders Choice at 2nd, 3-6 (Groundball, 3) Kent Bannatyne scores Edward Norton to third
|
Batting: RHB John Pineau
|
0-0: Fly out, F9 (Flyball, 9S)
|
Batting: LHB Lonnie Romero
|
0-0: Ball 1-0: Foul Ball, location: 2F 1-1: Ball 2-1: Foul Ball, location: 2F 2-2: Foul Ball, location: 2F 2-2: Ball 3-2: Base on Balls Federico Medina to second
|
Batting: LHB Rob Phillips
|
0-0: DOUBLE (Line Drive, 7LS) Edward Norton scores Federico Medina scores Lonnie Romero to third Runner from 3rd tries for Home, SAFE, throw made home
|
Batting: RHB Kevin Cochrane
|
0-0: SINGLE (Line Drive, 9S) Rob Phillips to third
|
Batting: RHB Chad Walter
|
0-0: SINGLE (Groundball, 56D) Rob Phillips scores Kevin Cochrane to second
|
Pitching: RHP Max Shepard
|
|
Batting: RHB Kent Bannatyne
|
0-0: Called Strike 0-1: Ball 1-1: Called Strike 1-2: Ball 2-2: Ball 3-2: Fly out, F7 (Flyball, 7LS)
|
Bottom of the 5th over - 6 run(s), 5 hit(s), 0 error(s), 2 left on base; Texas Christian 9 - UCLA 8 |
TOP OF THE 6TH |
Texas Christian Horned Frogs batting - Pitching for UCLA Bruins : RHP Joe Byrd
|
Batting: SHB Pete Fields
|
0-0: DOUBLE (Line Drive, 7LM)
|
Batting: RHB Eric Adams
|
0-0: Ball 1-0: Called Strike 1-1: Ball 2-1: Foul Ball, location: 2F 2-2: Ground out 6-3 (Groundball, 6)
|
Batting: SHB Ron Winston
|
0-0: Ground out 6-3 (Groundball, 6)
|
Batting: LHB Todd Gilliam
|
0-0: Ball 1-0: Ball 2-0: Called Strike 2-1: Foul Ball, location: 2F 2-2: Ball 3-2: Fly out, F7 (Flyball, 7)
|
Top of the 6th over - 0 run(s), 1 hit(s), 0 error(s), 1 left on base; Texas Christian 9 - UCLA 8 |
BOTTOM OF THE 6TH |
UCLA Bruins batting - Pitching for Texas Christian Horned Frogs : RHP Max Shepard
|
Batting: LHB Edward Norton
|
0-0: Foul Ball, location: 2F 0-1: Foul Ball, location: 2F 0-2: Strikes out looking
|
Batting: RHB Phil Thomas
|
0-0: Ball 1-0: Ball 2-0: Ball 3-0: Base on Balls
|
Batting: LHB Federico Medina
|
0-0: Called Strike 0-1: Swinging Strike 0-2: Ball 1-2: Ball 2-2: Ball 3-2: Foul Ball, location: 2F 3-2: Strikes out looking
|
Batting: RHB John Pineau
|
0-0: Called Strike 0-1: Fly out, F9 (Flyball, 9S)
|
Bottom of the 6th over - 0 run(s), 0 hit(s), 0 error(s), 1 left on base; Texas Christian 9 - UCLA 8 |
TOP OF THE 7TH |
Texas Christian Horned Frogs batting - Pitching for UCLA Bruins : RHP Joe Byrd
|
Pitching: LHP Shawn Gardner
|
|
Batting: LHB Winston Lewis
|
0-0: Foul Ball, location: 2F 0-1: Ball 1-1: Foul Ball, location: 2F 1-2: SOLO HOME RUN (Flyball, 9D), Distance : 367 ft
|
Pitching: RHP Pedro Vázquez
|
|
Batting: RHB Jeff Byford
|
0-0: Ball 1-0: Ball 2-0: Called Strike 2-1: SINGLE (Flyball, 9LS)
|
Batting: RHB Stan Webb
|
0-0: Ball 1-0: Bunted foul 1-1: Sac Bunt - play at second, runner OUT! 5-6
|
Batting: RHB Danny Wilson
|
0-0: Foul Ball, location: 2F 0-1: Ball 1-1: Called Strike 1-2: Foul Ball, location: 2F 1-2: Hit by Pitch Stan Webb to second
|
Batting: LHB Nicholas Morgan
|
0-0: Ball 1-0: Ball 2-0: Ball 3-0: Called Strike 3-1: Base on Balls Stan Webb to third Danny Wilson to second
|
Batting: SHB Pete Fields
|
0-0: Swinging Strike 0-1: Foul Ball, location: 2F 0-2: DOUBLE (Line Drive, 9LM) Stan Webb scores Danny Wilson scores Nicholas Morgan to third
|
Pitching: RHP Cory Holmes
|
|
Batting: RHB Eric Adams
|
0-0: Foul Ball, location: 2F 0-1: Swinging Strike 0-2: Ball 1-2: SINGLE (Groundball, 34D) Nicholas Morgan scores Pete Fields to third Runner from 3rd tries for Home, SAFE, no throw
|
Batting: SHB Ron Winston
|
0-0: Ball 1-0: Foul Ball, location: 2F 1-1: Ball 2-1: Foul Ball, location: 2F 2-2: Fly out, F7 (Flyball, 7S)
|
Batting: LHB Todd Gilliam
|
0-0: Foul Ball, location: 2F 0-1: Foul Ball, location: 2F 0-2: Ball 1-2: Ball 2-2: Ball 3-2: SINGLE (Line Drive, 34D) Eric Adams to second Eric Adams to third
|
Batting: LHB Winston Lewis
|
0-0: Ball 1-0: Ball 2-0: Ball 3-0: Base on Balls Todd Gilliam to second
|
Batting: RHB Jeff Byford
|
0-0: Called Strike 0-1: Called Strike 0-2: Ball 1-2: Ball 2-2: Foul Ball, location: 2F 2-2: Ball 3-2: DOUBLE (Flyball, 89M) Eric Adams scores Todd Gilliam scores Winston Lewis to third Winston Lewis scores
|
Pitching: RHP Willie Frazier
|
|
Batting: RHB Stan Webb
|
0-0: Ball 1-0: Called Strike 1-1: Swinging Strike 1-2: Foul Ball, location: 2F 1-2: Ball 2-2: Ball 3-2: Strikes out looking
|
Top of the 7th over - 8 run(s), 6 hit(s), 0 error(s), 1 left on base; Texas Christian 17 - UCLA 8 |
BOTTOM OF THE 7TH |
UCLA Bruins batting - Pitching for Texas Christian Horned Frogs : RHP Max Shepard
|
Batting: LHB Lonnie Romero
|
0-0: Foul Ball, location: 2F 0-1: Ball 1-1: Ball 2-1: Ball 3-1: Swinging Strike 3-2: Base on Balls
|
Batting: LHB Rob Phillips
|
0-0: Ball 1-0: Called Strike 1-1: Ball 2-1: Ball 3-1: Base on Balls Lonnie Romero to second
|
Batting: RHB Kevin Cochrane
|
0-0: Ball 1-0: Ball 2-0: Called Strike 2-1: Foul Ball, location: 2F 2-2: Fly out, F7 (Flyball, 7D) Runner from 2nd tags up, SAFE at 3rd, no throw
|
Batting: RHB Chad Walter
|
0-0: Called Strike 0-1: Ball 1-1: Called Strike 1-2: SINGLE (Groundball, 56) (infield hit) Lonnie Romero scores Rob Phillips to second
|
Batting: RHB Kent Bannatyne
|
0-0: Called Strike 0-1: Foul Ball, location: 2F 0-2: Foul Ball, location: 2F 0-2: Foul Ball, location: 2F 0-2: Ball 1-2: Strikes out swinging
|
Batting: LHB Edward Norton
|
0-0: Called Strike 0-1: Fly out, F9 (Line Drive, 9)
|
Bottom of the 7th over - 1 run(s), 1 hit(s), 0 error(s), 2 left on base; Texas Christian 17 - UCLA 9 |
TOP OF THE 8TH |
Texas Christian Horned Frogs batting - Pitching for UCLA Bruins : RHP Willie Frazier
|
Batting: RHB Danny Wilson
|
0-0: Ball 1-0: Foul Ball, location: 2F 1-1: Swinging Strike 1-2: Foul Ball, location: 2F 1-2: Strikes out swinging
|
Batting: LHB Nicholas Morgan
|
0-0: Called Strike 0-1: Foul Ball, location: 2F 0-2: Ball 1-2: Ball 2-2: Ground out 1-3 (Groundball, 13S)
|
Batting: SHB Pete Fields
|
0-0: Ball 1-0: Ball 2-0: Ball 3-0: Base on Balls
|
Batting: RHB Eric Adams
|
0-0: Called Strike 0-1: Ball 1-1: Ball 2-1: Ball 3-1: Foul Ball, location: 2F 3-2: Fly out, F8 (Flyball, 8LM)
|
Top of the 8th over - 0 run(s), 0 hit(s), 0 error(s), 1 left on base; Texas Christian 17 - UCLA 9 |
BOTTOM OF THE 8TH |
UCLA Bruins batting - Pitching for Texas Christian Horned Frogs : RHP Max Shepard
|
Batting: RHB Phil Thomas
|
0-0: Ball 1-0: Ball 2-0: Ball 3-0: Base on Balls
|
Pitching: LHP John Perkins
|
|
Batting: LHB Federico Medina
|
0-0: Foul Ball, location: 2F 0-1: Fly out, F9 (Flyball, 9)
|
Batting: RHB John Pineau
|
0-0: Ball 1-0: Foul Ball, location: 2F 1-1: Ball 2-1: Foul Ball, location: 2F 2-2: Reached on error, E1 (Groundball, 13) Phil Thomas to second
|
Batting: LHB Lonnie Romero
|
0-0: Ball 1-0: Ball 2-0: Ball 3-0: Called Strike 3-1: Foul Ball, location: 2F 3-2: Base on Balls Phil Thomas to third John Pineau to second
|
Batting: LHB Rob Phillips
|
0-0: Grounds into double play, 4-6-3 (Groundball, 34)
|
Bottom of the 8th over - 0 run(s), 0 hit(s), 1 error(s), 2 left on base; Texas Christian 17 - UCLA 9 |
TOP OF THE 9TH |
Texas Christian Horned Frogs batting - Pitching for UCLA Bruins : RHP Willie Frazier
|
Batting: SHB Ron Winston
|
0-0: Foul Ball, location: 2F 0-1: Ball 1-1: Foul Ball, location: 2F 1-2: Foul Ball, location: 2F 1-2: Ball 2-2: Ball 3-2: Ground out 3-1 (Groundball, 34)
|
Batting: LHB Todd Gilliam
|
0-0: Ball 1-0: Called Strike 1-1: Ball 2-1: Foul Ball, location: 2F 2-2: Fly out, F3 (Popup, 3)
|
Batting: LHB Winston Lewis
|
0-0: Ball 1-0: Ball 2-0: Called Strike 2-1: Swinging Strike 2-2: Ball 3-2: Strikes out swinging
|
Top of the 9th over - 0 run(s), 0 hit(s), 0 error(s), 0 left on base; Texas Christian 17 - UCLA 9 |
BOTTOM OF THE 9TH |
UCLA Bruins batting - Pitching for Texas Christian Horned Frogs : LHP John Perkins
|
Batting: RHB Kevin Cochrane
|
0-0: Ball 1-0: Ground out 4-3 (Groundball, 4S)
|
Batting: RHB Chad Walter
|
0-0: Ball 1-0: SINGLE (Groundball, 25) (infield hit)
|
Batting: RHB Kent Bannatyne
|
0-0: Foul Ball, location: 2F 0-1: Grounds into double play, 6-4-3 (Groundball, 6)
|
Bottom of the 9th over - 0 run(s), 1 hit(s), 0 error(s), 0 left on base; Texas Christian 17 - UCLA 9 |
|